AoeStats
← Arbuz

Arena

505289036Analyzed
4v4 RM · 25d ago on Sep 8, 2026· 37m 38s· 8 players
Game mode
Random Map
Map size
Large (8 player)
Population
200
Speed
Normal
Resources
Standard
Victory
Conquest
Starting age
Dark Age
Ending age
Imperial Age
RankedLock teamsTeams togetherTeam positionsShared explorationLock speedFull tech treeHidden civsTurbo modeCheats
Victory
Defeat
🇨🇳 Romans · China
1426
+14
🇫🇷 Jurchens · France
1403
+15
🇵🇱 Saracens · Poland
1392
+15
🇫🇷 Slavs · France
1365
+16
🇫🇷 Inca · France
1622
-25
🇫🇷 Vietnamese · France
1381
-15
🇫🇷 Japanese · France
1333
-13
🇫🇷 Hindustanis · France
1158
-7
Le Cheval
6:04 Loom
8:53 Feudal Age
9:19 Double-Bit Axe
11:29 Horse Collar
12:00 Town Watch
14:38 Fletching
16:02 Stone Mining
20:02 Gold Mining
21:40 Wheelbarrow
24:57 Castle Age
23:45 Arson
25:18 Pikeman
25:59 Squires
31:23 Imperial Age
29:57 Gold Shaft Mining
29:44 Bow Saw
31:00 Scale Mail Armor
31:11 Forging
32:35 Chain Mail Armor
33:18 Conscription
33:25 Man-at-Arms
33:50 Gambesons
36:04 Guard Tower
36:46 Murder Holes
36:32 Treadmill Crane
Le Suricate Cocasse
5:32 Loom
12:00 Feudal Age
14:53 Double-Bit Axe
17:14 Gold Mining
17:13 Horse Collar
20:14 Castle Age
18:55 Wheelbarrow
23:51 Husbandry
24:05 Bloodlines
24:06 Scale Barding Armor
24:14 Forging
27:03 Heavy Plow
27:18 Bow Saw
30:48 Light Cavalry
32:40 Chain Barding Armor
33:06 Iron Casting
Le Belliqueux
11:36 Feudal Age
12:58 Loom
16:02 Castle Age
15:09 Double-Bit Axe
15:06 Horse Collar
15:35 Gold Mining
20:11 Husbandry
22:26 Bloodlines
23:49 Scale Barding Armor
29:16 Bow Saw
29:07 Heavy Plow
29:44 Wheelbarrow
30:04 Forging
31:51 Chain Barding Armor
33:06 Iron Casting
36:47 Hand Cart
Le Stratège
11:18 Feudal Age
15:15 Castle Age
13:56 Double-Bit Axe
15:20 Loom
16:36 Bow Saw
16:10 Horse Collar
16:39 Town Watch
27:39 Fletching
29:59 Wheelbarrow
29:37 Heavy Plow
29:31 Stone Mining
29:34 Gold Mining
32:17 Gold Shaft Mining
32:21 Stone Shaft Mining
32:26 Devotion
32:31 Squires
33:41 Scale Mail Armor
33:52 Forging
36:01 Chain Mail Armor
Dark Horse
11:31 Feudal Age
12:59 Double-Bit Axe
15:47 Castle Age
13:47 Horse Collar
15:48 Gold Mining
16:44 Bow Saw
19:15 Loom
21:27 Fervor
22:36 Forging
26:13 Scale Barding Armor
28:02 Wheelbarrow
27:23 Stone Mining
28:26 Gold Shaft Mining
28:54 Bloodlines
28:46 Husbandry
32:09 Imperial Age
30:42 Scale Mail Armor
31:18 Iron Casting
31:43 Chain Mail Armor
31:16 Arson
31:31 Squires
32:41 Elite Fire Lancer
34:42 Conscription
35:45 Blast Furnace
34:37 Fletching
34:59 Masonry
35:01 Fortified Wall
35:11 Town Watch
35:01 Pikeman
38:17 Chemistry
Baron Morg Von Wigard
10:44 Feudal Age
14:51 Castle Age
13:48 Horse Collar
15:04 Gold Mining
16:09 Double-Bit Axe
17:00 Bow Saw
19:51 Sanctity
25:40 Redemption
30:27 Imperial Age
29:08 Loom
29:58 Wheelbarrow
30:04 Gold Shaft Mining
29:43 Pikeman
35:26 Ballistics
36:12 Scale Mail Armor
36:28 Halberdier
37:25 Chain Mail Armor
38:41 Plate Mail Armor
Arbuz
11:25 Feudal Age
16:26 Castle Age
14:21 Double-Bit Axe
15:43 Horse Collar
16:27 Loom
17:46 Bow Saw
17:38 Heavy Plow
23:23 Wheelbarrow
23:38 Stone Mining
24:29 Gold Mining
27:23 Gold Shaft Mining
28:53 Hand Cart
29:35 Bloodlines
29:26 Husbandry
28:46 Light Cavalry
32:06 Imperial Age
30:20 Scale Barding Armor
30:26 Forging
31:25 Chain Barding Armor
31:07 Husbandry
31:18 Bloodlines
30:29 Light Cavalry
32:39 Town Watch
33:31 Plate Barding Armor
33:19 Conscription
34:29 Two-Man Saw
34:06 Iron Casting
33:53 Elite Mameluke
36:53 Blast Furnace
35:14 Hussar
适才相戏尔
10:05 Loom
12:04 Feudal Age
12:53 Double-Bit Axe
12:50 Horse Collar
20:00 Castle Age
19:13 Gold Mining
19:16 Stone Mining
21:11 Bow Saw
21:02 Heavy Plow
24:17 Wheelbarrow
26:42 Hand Cart
28:33 Scale Mail Armor
28:44 Forging
29:00 Squires
28:21 Man-at-Arms
30:19 Pikeman
30:20 Long Swordsman
31:53 Chain Mail Armor
32:14 Iron Casting
34:48 Imperial Age
36:43 Blast Furnace
35:10 Halberdier
36:14 Legionary
Connection lost

Rejoining the realm…

Still unreachable

The connection could not be restored.

Session expired

The server has moved on; the page needs a fresh start.